 Dungeon Crawl Stone Soup version 0.29.1-12-g30fa7ad0bf (webtiles) character file.

Game seed: 1890106643239040663

6848 Unglued128 the Frost Mage (level 10, -1/78 HPs)
             Began as a Purple Draconian Ice Elementalist on Dec 26, 2022.
             Was a Priest of Vehumet.
             Slain by a sixfirhy (11 damage)
             ... summoned by a kobold demonologist
             ... on level 10 of the Dungeon.
             The game lasted 01:23:56 (10331 turns).

Unglued128 the Frost Mage (DrIE)                   Turns: 10331, Time: 01:23:56

Health: -1/78      AC: 14    Str: 11    XL:     10   Next: 78%
Magic:  23/23      EV: 14    Int: 19    God:    Vehumet [***...]
Gold:   372        SH:  0    Dex: 12    Spells: 22/27 levels left

rFire   + . .      SeeInvis .   z - +5 whip (drain)
rCold   . . .      Faith    .   (no shield)
rNeg    + . .      Spirit   .   (body armour unavailable)
rPois   .          Reflect  .   (helmet restricted)
rElec   .          Harm     .   p - +2 cloak
rCorr   .          Rampage  .   b - +0 pair of gloves
Will    +....                   n - +2 pair of boots
Stlth   ++........              c - amulet of regeneration
HPRegen 1.03/turn               d - ring of positive energy
MPRegen 0.18/turn               C - ring of protection from fire

@: no status effects
A: breathe power, AC +7, unfitting armour, cold-blooded
a: Breathe Dispelling Energy, Renounce Religion


You were on level 10 of the Dungeon.
You worshipped Vehumet.
Vehumet was most pleased with you.
You visited 2 branches of the dungeon, and saw 10 of its levels.
You also visited: Sewer.

You collected 537 gold pieces.
You spent 165 gold pieces at shops.

Inventory:

Hand Weapons
 i - a +5 mace of freezing
 z - a +5 whip of draining (weapon)
Missiles
 g - 2 silver javelins
 q - 4 poisoned darts (quivered)
Armour
 b - a +0 pair of gloves (worn)
 n - a +2 pair of boots (worn)
 p - a +2 cloak (worn)
Magical Staves
 j - a staff of earth
Jewellery
 c - an amulet of regeneration (around neck)
 d - a ring of positive energy (left hand)
 h - a ring of willpower
 C - a ring of protection from fire (right hand)
Wands
 t - a wand of polymorph (5)
Scrolls
 e - a scroll of summoning
 f - 5 scrolls of identify
 k - a scroll of brand weapon
 v - 2 scrolls of fear
Potions
 a - a potion of magic
 l - 6 potions of flight
 m - 5 potions of heal wounds
 r - 3 potions of curing
 s - a potion of attraction {unknown}
 u - 2 potions of haste
 x - a potion of invisibility
 A - a potion of brilliance
 B - a potion of ambrosia


   Skills:
 + Level 4.0 Fighting
 + Level 1.2 Short Blades
 + Level 5.1 Maces & Flails
 + Level 5.6 Throwing
 + Level 5.5 Dodging
 + Level 3.2 Stealth
 + Level 9.3 Spellcasting
 * Level 9.7 Ice Magic
 + Level 1.7 Evocations


You had 22 spell levels left.
You knew the following spells:

 Your Spells              Type           Power      Damage    Failure   Level
a - Freeze                Ice            100%       1d11      1%          1
b - Hailstorm             Conj/Ice       27%        3d7       3%          4

Your spell library contained the following spells:

 Spells                   Type           Power      Damage    Failure   Level
 Poisonous Vapours        Pois/Air       16%        N/A       3%          2
 Frozen Ramparts          Ice            92%        1d14      1%          3
 Ozocubu's Armour         Ice            46%        N/A       1%          3
 Passwall                 Tmut/Erth      6%         N/A       12%         2
 Summon Forest            Summ/Tloc      4%         N/A       91%         5
 Summon Mana Viper        Hex/Summ       8%         N/A       91%         5
 Animate Armour           Summ/Erth      Unusable   N/A       N/A         4

Dungeon Overview and Level Annotations

Branches:
Dungeon (10/15)            Temple (1/1) D:5            Lair (0/5) D:8
    Orc (0/2) D:10          Sewer (visited)

Altars:
Ashenzari
Cheibriados
Dithmenos
Elyvilon
Fedhas
Gozag
Hepliaklqana
Kikubaaqudgha
Makhleb
Okawaru
Qazlal
Ru
Sif Muna
Trog
Uskayaw
Vehumet
Wu Jian
Xom
Yredelemnul
Zin
The Shining One

Shops:
D:2 [   D:9 *


Innate Abilities, Weirdness & Mutations

You can breathe bolts of dispelling energy.
Your rich purple scales are hard. (AC +7)
You cannot fit into any form of body armour.
You are cold-blooded and may be slowed by cold attacks.


Message History

The white imp gestures at you.
The puff of frost hits you but does no damage.
Throw: 6 darts (poison)
Press: ? - help, Q - select action, (/) - cycle Shift-Dir - straight line, f/p - kobold
Aim: a kobold, wielding a +2 dagger of venom, wearing a +0 chain mail and quivering stones (severely wounded, very poisoned, 62% to hit)
You throw a poisoned dart.
The poisoned dart hits the kobold demonologist!
The kobold demonologist is poisoned.
Throw: 5 darts (poison)
Press: ? - help, Q - select action, (/) - cycle Shift-Dir - straight line, f/p - kobold
Aim: a kobold, wielding a +2 dagger of venom, wearing a +0 chain mail and quivering stones (severely wounded, very poisoned, 62% to hit)
You throw a poisoned dart.
The poisoned dart closely misses the kobold demonologist.
The poisoned dart hits the kobold!
The kobold looks as sick as possible!
The kobold is severely wounded.
You kill the kobold!
Vehumet accepts your kill.
The sixfirhy hits you but does no damage.
The sixfirhy hits you! The sixfirhy shocks you!
The sixfirhy attacks as you move away!
The sixfirhy hits you but does no damage.
The sixfirhy hits you but does no damage.
The sixfirhy misses you. The sixfirhy hits you. The sixfirhy shocks you!
The sixfirhy hits you. The sixfirhy shocks you!
The white imp grinds its teeth.
The sixfirhy completely misses you. The sixfirhy attacks as you move away!
The sixfirhy barely misses you.
The sixfirhy hits you but does no damage.
The sixfirhy misses you. The sixfirhy hits you. The sixfirhy shocks you!
The sixfirhy attacks as you move away!
The sixfirhy hits you but does no damage.
The kobold demonologist looks more healthy.
The white imp lashes its tail.
The sixfirhy completely misses you. The sixfirhy hits you.
The sixfirhy shocks you!
* * * LOW HITPOINT WARNING * * *
The sixfirhy hits you!
* * * LOW HITPOINT WARNING * * *
The sixfirhy shocks you!
You die...

#...........#
#...........#
#...........#
#...........#
#...........#
#...........#
#...........#
#...........######
#@..).......).....
#3########........
#.# #..###### #.#
#..# #.# #..# #5#
#..# #5# #..# #K#
#..# #.# #..#


You could see a kobold demonologist, a sixfirhy (summoned) and 2 white imps.

Vanquished Creatures
  2 hornets (D:9)
  2 trolls (D:9)
  A yak (D:6)
  A wraith (D:9)
  A wyvern (D:9)
  2 steam dragons
  4 vampire mosquitoes
  A water moccasin (D:7)
  Duvessa (D:5)
  3 orc warriors
  2 ice beasts
  2 sky beasts
  A centaur (D:6)
  3 ogres
  2 phantoms (D:6)
  3 kobold brigands
  5 bullfrogs
  2 necrophages
  A gnoll sergeant (D:6)
  8 scorpions
  8 wights
  Dowan (D:5)
  7 howler monkeys
  An electric eel (D:9)
  A bullfrog zombie (D:5)
  4 hounds
  5 orc priests
  2 gnoll boudas
  4 jellies
  3 iguanas
  5 orc wizards
  A hound zombie (D:5)
  14 gnolls
  5 adders
  4 river rats
  A shadow imp (D:6)
  3 white imps (D:6)
  2 ufetubi (D:6)
  2 worms (D:2)
  A dart slug (D:1)
  24 orcs
  A ball python (D:1)
  3 endoplasms
  5 giant cockroaches
  14 goblins
  7 hobgoblins
  11 kobolds
  A quokka (D:5)
  4 bats
  A frilled lizard (D:2)
  8 rats
200 creatures vanquished.

Vanquished Creatures (collateral kills)
  An orb spider (D:9)
1 creature vanquished.

Vanquished Creatures (others)
  A kobold (D:10)
  25 plants (D:6)
26 creatures vanquished.

Grand Total: 227 creatures vanquished

Notes
Turn   | Place    | Note
-------+----------+-------------------------------------------
     0 | D:1      | Unglued128 the Draconian Ice Elementalist began the quest
                  | for the Orb.
     0 | D:1      | Reached XP level 1. HP: 14/14 MP: 3/3
   319 | D:1      | Reached XP level 2. HP: 16/20 MP: 1/5
  1475 | D:2      | Reached XP level 3. HP: 26/26 MP: 3/6
  1642 | D:2      | Reached skill level 5 in Ice Magic
  1648 | D:2      | Reached XP level 4. HP: 33/33 MP: 7/7
  2455 | D:2      | Found Huydot's Armour Emporium.
  2459 | D:2      | Bought a +2 pair of boots for 165 gold pieces
  2710 | D:3      | You fall into a shaft and drop 2 floors!
  2710 | D:5      | Entered Level 5 of the Dungeon
  2739 | D:5      | Noticed an ice beast
  2774 | D:5      | Noticed a scorpion
  2786 | D:5      | Killed a scorpion
  2787 | D:5      | Reached XP level 5. HP: 25/38 MP: 1/10
  3067 | D:5      | Reached XP level 6. HP: 45/45 MP: 11/11
  3216 | D:5      | Killed an ice beast
  3464 | D:5      | Your scales start taking on a rich purple colour.
  3464 | D:5      | Reached skill level 5 in Spellcasting
  3464 | D:5      | Reached XP level 7. HP: 50/50 MP: 9/14
  3587 | D:5      | Noticed Duvessa
  3602 | D:5      | Noticed Dowan
  3608 | D:5      | Killed Duvessa
  3609 | D:5      | Reached skill level 1 in Throwing
  3612 | D:5      | Killed Dowan
  3823 | D:5      | Found a basalt altar of Yredelemnul.
  3877 | D:5      | Reached skill level 1 in Short Blades
  3877 | D:5      | Reached XP level 8. HP: 55/58 MP: 17/17
  3909 | D:5      | Found a staircase to the Ecumenical Temple.
  3919 | Temple   | Entered the Ecumenical Temple
  3919 | Temple   | Found a transporter.
  3919 | Temple   | Found a transporter.
  3921 | Temple   | Found a transporter.
  3921 | Temple   | Found a transporter.
  3942 | Temple   | Became a worshipper of Vehumet
  4379 | D:6      | Found a glowing drain.
  4383 | Sewer    | Entered a sewer
  4391 | Sewer    | Reached skill level 1 in Fighting
  4563 | Sewer    | Found a white marble altar of Elyvilon.
  4990 | D:6      | Reached * piety under Vehumet
  4990 | D:6      | Offered knowledge of Magic Dart by Vehumet.
  5088 | D:6      | Reached XP level 9. HP: 36/64 MP: 4/21
  5555 | D:6      | Reached skill level 1 in Maces & Flails
  6456 | D:7      | Found a hazy altar of Hepliaklqana.
  6618 | D:7      | Found a sacrificial altar of Ru.
  7132 | D:8      | Found a staircase to the Lair.
  7232 | D:8      | Reached ** piety under Vehumet
  7506 | D:8      | Reached skill level 1 in Evocations
  7694 | D:8      | Offered knowledge of Sandblast by Vehumet.
  8277 | D:9      | Reached XP level 10. HP: 66/74 MP: 23/23
  8387 | D:9      | Learned a level 4 spell: Hailstorm
  8698 | D:9      | Reached skill level 5 in Throwing
  8740 | D:9      | Got the Codex of Geological Summoning
  9034 | D:9      | Reached skill level 5 in Dodging
  9088 | D:9      | Offered knowledge of Poisonous Vapours by Vehumet.
  9245 | D:9      | Noticed Maurice
  9272 | D:9      | Noticed Maurice
  9272 | D:9      | Maurice changed into Maurice the sky beast
  9280 | D:9      | Killed Maurice the sky beast
  9317 | D:9      | Noticed a two-headed ogre
  9320 | D:9      | Noticed an orb spider
  9320 | D:9      | a two-headed ogre changed into an orb spider
  9339 | D:9      | Killed an orb spider
  9425 | D:9      | Found Gozag's Platinum Reserve.
  9765 | D:9      | Found an opulent altar of Gozag.
  9858 | D:10     | Entered Level 10 of the Dungeon
  9866 | D:10     | Found a staircase to the Orcish Mines.
  9917 | D:10     | Reached skill level 5 in Maces & Flails
 10024 | D:10     | Reached *** piety under Vehumet
 10107 | D:10     | Noticed a smoke demon
 10317 | D:10     | Noticed a sixfirhy
 10331 | D:10     | Slain by a sixfirhy

Illustrated notes

Levels and vault maps discovered:
D:1:      dpeg_arrival_stone_temple_mockup, layout_loops_ring
D:2:      cheibrodos_greedy_goblins, layout_basic, serial_shops, shop
D:3:      layout_loops_corners, serial_aquarium, aquarium_bridge_square
          [aquarium_subvault_window, aquarium_subvault_wall,
          aquarium_subvault_bridge, aquarium_subvault_wall],
          aquarium_window_corner, aquarium_window_fake,
          aquarium_window_corridor_3, aquarium_view_2b, aquarium_view_2c,
          aquarium_pool_split, shapermc_ecumenical_altar_mp_ritualfount,
          minmay_misc_feat_encased, uniq_ijyb
D:5:      layout_cave_pods, lemuel_zombie_altar_yredelemnul,
          minmay_temple_entry_junction_2, uniq_duvessa
D:6:      kennysheep_windowed_halls, layout_cave_pods, gup_sewer_entry_bowl,
          serial_bayou_lagoon_a, chequers_serial_rivers_micro_d
D:7:      layout_basic, lemuel_doored_altar, lemuel_round_altar
D:8:      layout_layer_cave, dpeg_oklobed_lair
D:9:      cheibrodos_helix_gallery, layout_cave_pods,
          nicolae_gozag_zags_fifth_avenue, uniq_maurice
D:10:     layout_long_grid, david_orc_3, minmay_puff
Temple:   hellmonk_temple_divided_pantheon

Skill      XL: |  1  2  3  4  5  6  7  8  9 10 |
---------------+-------------------------------+-----
Dodging        | 2 3 4 5 |  5.5
Ice Magic      | 5 6 8 9 |  9.7
Spellcasting   | 3 5 6 8 9 |  9.3
Stealth        | 2 3 |  3.2
Throwing       | 2 4 5 |  5.6
Short Blades   | 1 |  1.2
Fighting       | 1 2 4 |  4.0
Maces & Flails | 3 5 |  5.1
Evocations     | 1 |  1.7

Action                   |  1- 3 |  4- 6 |  7- 9 | 10-12 || total
-------------------------+-------+-------+-------+-------++-------
Melee: Unarmed           |     7 |       |       |       ||     7
       Tailslap          |     7 |     3 |    25 |    29 ||    64
       Dagger            |    20 |    39 |    72 |       ||   131
       Punch             |     1 |       |     4 |     3 ||     8
       Whip              |       |       |   134 |   180 ||   314
Throw: Dart              |     4 |    20 |    86 |    63 ||   173
       Javelin           |       |       |    22 |     2 ||    24
       Throwing net      |       |       |     6 |       ||     6
 Cast: Freeze            |    33 |    54 |   108 |    18 ||   213
       Hailstorm         |       |       |       |     1 ||     1
Evoke: Wand              |       |       |     5 |     7 ||    12
  Use: Scroll            |     2 |     5 |     6 |     4 ||    17
       Potion            |       |     2 |       |     2 ||     4
Armor: Skin              |    10 |    23 |   121 |   100 ||   254
Dodge: Dodged            |    18 |    53 |   180 |   149 ||   400
